Map: Cyber Forest LE

Players

Overcomer

  • Race: Terran Terran
  • League: Diamond
  • Spawn Location: 11:00

ellie - Winner!

  • Race: Protoss Protoss
  • Spawn Location: 5:00

VOD

Have the link to the VOD?

Description

Time

  • Played on: July 3, 2019, 12:21 a.m.
  • Length: 3:35
Show
View Real Time Build Order
Export as new Build Order

Overcomer Terran 

Build Orders: Gas First Reaper Expand 

Get SALT Encoding   

  12  0:01  SCV  
  13  0:13  SCV  
  14  0:19  Supply Depot  
  14  0:25  SCV  
  14  0:28  Refinery  
  15  0:41  SCV  
  16  0:46  Barracks  
  16  0:53  SCV  
  17  1:05  SCV  
  18  1:17  SCV  
  19  1:32  Orbital Command  
  19  1:33  Reaper  
  20  1:58  SCV  
  20  2:00  Command Center  
  21  2:05  Factory  
  21  2:08  Barracks Reactor  
  21  2:18  Bunker  
  21  2:23  Bunker  
  21  2:31  Supply Depot  
  21  2:32  Refinery  
  21  2:36  SCV  
  21  2:48  SCV  
  20  2:59  Marine x2, Widow Mine  
  24  3:05  SCV  
Show
View Real Time Build Order
Export as new Build Order

ellie Protoss - Winner!

Build Orders:  

Get SALT Encoding   

  12  0:01  Probe  
  13  0:13  Probe  
  14  0:19  Pylon  
  14  0:25  Probe  
  15  0:35  Probe  
  15  0:39  Gateway  
  16  0:43  Probe  
  16  0:49  Assimilator  
  17  0:52  Probe  
  19  1:04  Probe  
  19  1:14  Gateway  
  19  1:26  Zealot  
  19  1:29  Cybernetics Core  
  21  1:38  Pylon, Probe  
  22  1:54  Probe  
  23  1:56  Adept x2  
  27  2:13  Shield Battery  
  27  2:16  Probe  
  27  2:55  Nexus  
  27  2:57  Stalker  
  29  3:14  Probe  
Tags
 
Add a new tag
Caveats
  • Supply blocks, unpowered buildings, or Contaminate may cause inaccurate times.
  • Supply counts are checked every 10 seconds.